 Dungeon Crawl Stone Soup version 0.31-a0-968-g24f9ace8b5 (webtiles) character file.

Game seed: 8192801696531762758

37 lunkers the Insei (level 3, -2/28 HPs)
             Began as a Meteoran Shapeshifter on Oct 27, 2023.
             Slain by an orc wizard
             ... wielding a +0 dagger
              (3 damage)
             ... on level 3 of the Dungeon.
             The game lasted 00:01:24 (448 turns).

lunkers the Insei (Meteoran Shapeshifter)            Turns: 448, Time: 00:01:24

Health: -2/28      AC:  2    Str: 15    XL:     3   Next: 88%
Magic:  4/4        EV: 12    Int: 12    God:
Gold:   99         SH:  0    Dex: 15    Spells: 2/2 levels left

rFire   . .          .
                       - Unarmed
rCold   . . .        (no shield)
rNeg    . . .        a - +0 animal skin
rPois   .            (helmet currently unavailable)
rElec   .            (cloak currently unavailable)
rCorr   .            (gloves currently unavailable)
SInv    .            (boots currently unavailable)
Will    .....        (no amulet)
Stlth   +            g - ring of wizardry
HPRegen 0.24/turn    (no ring)
MPRegen 0.09/turn

%: wizardry (x1)
@: beast-form, glowing
A: beast (slay +2), sense surroundings 1, otherworldly, glowing, explore regen
a: Begin Untransformation


You were on level 3 of the Dungeon.
You were a hulking beast.
You visited 1 branch of the dungeon, and saw 3 of its levels.

You collected 99 gold pieces.

Inventory:

Armour
 a - a +0 animal skin (worn)
Jewellery
 g - a ring of wizardry (left hand)
 i - a +6 ring of dexterity
Talismans
 c - a beast talisman
 d - a flux talisman
Wands
 h - a wand of light (7)
Scrolls
 e - a scroll of fog {unknown}
 f - 2 scrolls of identify {unknown}
 j - a scroll of summoning {unknown}
Potions
 b - a potion of lignification
 k - 2 potions of haste {unknown}


   Skills:
 - Level 1.1 Fighting
 - Level 2.1 Dodging
 * Level 4.8 Unarmed Combat
 + Level 4.1 Shapeshifting


You had 2 spell levels left.
You didn't know any spells.
Your spell library was empty.

Dungeon Overview and Level Annotations

Branches:
Dungeon (2/15) Zot: 1356

Altars:

Shops:
D:2 *


Innate Abilities, Weirdness & Mutations

You are a hulking beast.
Your limbs bulge with bestial killing power. (Slay +2)
You passively map a small area around you.
You are easily found by Zot.
You glow in the dark.
You regain HP and MP as you explore.


Message History

The orc is moderately wounded.
The orc closely misses you. x2
You closely miss the orc.
The orc is moderately wounded.
The orc barely misses you. The orc hits you with a +0 hand axe.
You hit the orc.
You kill the orc!
You punch the orc!
You kill the orc!
The orc barely misses you.
Things that are here:
a +0 falchion; an orc corpse You punch the orc!
You kill the orc!
You hear some strange, mumbled words.
Something tries to affect you, but you resist.
No target in view!
There is a strange disturbance nearby!
You hit something.
You hear some strange, mumbled words.
A puff of flame appears from out of thin air!
The puff of flame hits you.
You closely miss something. Something hits you but does no damage.
You closely miss something.
You hear some strange, mumbled words.
A puff of flame appears from out of thin air!
The puff of flame hits you!
* * * LOW HITPOINT WARNING * * *
You miss something. Something hits you.
* * * LOW HITPOINT WARNING * * *
You barely miss something. Something hits you but does no damage.
You miss something.
You hear some strange, mumbled words.
A magic dart appears from out of thin air!
The magic dart hits you!
* * * LOW HITPOINT WARNING * * *
You hit something but do no damage. Something hits you.
* * * LOW HITPOINT WARNING * * *
You hit something. Something hits you.
You die...

, * ,* #.... , , ,
#...# * ..# #
#,#...# ..#
##.#.#...# ...#
.....#...### ...
........... ... #
,......){.#####.#..#
, , ###h.)........#
..........#..#.##.#
, .............# * ,
#######.#....# * * ,
#.#..#.# ** *
#.#..#.#,* ,* *
#.#..#.# #.#..#.# **
#..#.#, ,


There were no monsters in sight!

Vanquished Creatures
  2 worms
  2 dart slugs
  3 orcs (D:3)
  2 ball pythons
  An endoplasm (D:1)
  A giant cockroach (D:1)
  2 hobgoblins
  2 quokkas (D:1)
  3 bats
  A frilled lizard (D:1)
  3 goblins
  2 rats
24 creatures vanquished.

Notes
Turn   | Place    | Note
-------+----------+-------------------------------------------
     0 | D:1      | lunkers the Meteoran Shapeshifter began the quest for the
                  | Orb.
     0 | D:1      | Reached XP level 1. HP: 16/16 MP: 2/2
    65 | D:1      | Reached XP level 2. HP: 21/23 MP: 3/3
   224 | D:2      | Found Yloor's General Store.
   237 | D:2      | Reached XP level 3. HP: 28/28 MP: 4/4
   395 | D:2      | You fall into a shaft and drop 1 floor!
   446 | D:3      | HP: 1/28 [something/magic dart (7)]
   448 | D:3      | Slain by an orc wizard

Illustrated notes

Levels and vault maps discovered:
D:1:      nzn_arrival_settlement, layout_basic, minmay_octomino_e4
D:2:      layout_rooms, serial_shops, nicolae_shop_tiny_real_fake_doors,
          nrook_mini_backslash, kennysheep_generic_room_14
D:3:      layout_basic

Skill      XL: |  1  2  3 |
---------------+----------+-----
Unarmed Combat | 4 |  4.8
Shapeshifting  | 4 |  4.1
Fighting       | |  1.1
Dodging        | |  2.1

Action                     || total
---------------------------++-------
  Melee: Unarmed           ||    61
         Punch             ||     3
    Use: Scroll            ||     1
 Armour: Animal skin       ||    30
  Dodge: Dodged            ||    20

Table legend: (Time is in decaauts)
 A = Elapsed time spent in this place.
 B = Non-inter-level travel time spent in this place.
 C = Inter-level travel time spent in this place.
 D = Time resting spent in this place.
 E = Time spent auto-exploring this place.
 F = Levels seen in this place.
 G = Mean time per level.
                   A        B        C        D        E       F      G
               +--------+--------+--------+--------+--------+-----+--------+
         Total |    442 |    442 |      0 |      0 |    310 |   3 |  147.3 |
       Dungeon |    442 |    442 |      0 |      0 |    310 |   3 |  147.3 |
               +--------+--------+--------+--------+--------+-----+--------+

Top non-repeatable levels by time:
     D:1: 217 daAuts
     D:2: 174 daAuts
     D:3: 51 daAuts
